| TOP OF THE 1ST |
|
Nashville Sounds batting - Pitching for Idaho Falls Chukars : RHP Phil Leftwich
|
|
Pitching: RHP Phil Leftwich
|
|
|
Batting: RHB Danny Bautista
|
0-0: Bunt for hit to P - play at first, batter safe!
|
|
Batting: RHB George Arias
|
0-0: Foul Ball, location: 2F 0-1: Foul Ball, location: 2F 0-2: Ball 1-2: Foul Ball, location: 2F 1-2: SINGLE (Flyball, 78M, EV 84.4 MPH) Danny Bautista to second
|
|
Batting: LHB Dion James
|
0-0: Foul Ball, location: 2F 0-1: Called Strike 0-2: Foul Ball, location: 2F 0-2: Strikes out swinging
|
|
Batting: RHB Paul Konerko
|
0-0: Foul Ball, location: 2F 0-1: Called Strike 0-2: Ball 1-2: Ball 2-2: Grounds into double play, 5-4-3 (Groundball, 56S, EV 80.0 MPH)
|
| Top of the 1st over - 0 runs, 2 hits, 0 errors, 1 left on base; Nashville 0 - Idaho Falls 0 |
| BOTTOM OF THE 1ST |
|
Idaho Falls Chukars batting - Pitching for Nashville Sounds : RHP Esteban Loaiza
|
|
Pitching: RHP Esteban Loaiza
|
|
|
Batting: LHB Wayne Kirby
|
0-0: Ball 1-0: SINGLE (Flyball, 78M, EV 90.0 MPH)
|
|
Batting: LHB Dwight Smith
|
0-0: Ball 1-0: Called Strike 1-1: Called Strike 1-2: Strikes out looking
|
|
Batting: LHB Rico Brogna
|
0-0: Called Strike 0-1: Ball 1-1: TRIPLE (Flyball, 8LXD, EV 98.1 MPH) Wayne Kirby scores
|
|
Batting: RHB Mark Lewis
|
0-0: Foul Ball, location: 2F 0-1: Foul Ball, location: 2F 0-2: Ball 1-2: Foul Ball, location: 2F 1-2: SINGLE (Groundball, 6D, EV 108.8 MPH) Rico Brogna scores
|
|
Batting: LHB Darren Daulton
|
0-0: Ball 1-0: Ball 2-0: Called Strike 2-1: Swinging Strike 2-2: Grounds into double play, 1-6-3 (Groundball, P, EV 77.5 MPH)
|
| Bottom of the 1st over - 2 runs, 3 hits, 0 errors, 0 left on base; Nashville 0 - Idaho Falls 2 |
| TOP OF THE 2ND |
|
Nashville Sounds batting - Pitching for Idaho Falls Chukars : RHP Phil Leftwich
|
|
Batting: SHB Raul Casanova
|
0-0: SINGLE (Groundball, 4, EV 105.6 MPH) (infield hit)
|
|
Batting: RHB Eli Marrero
|
0-0: Called Strike 0-1: Swinging Strike 0-2: Fly out, F8 (Flyball, 8LM, EV 93.1 MPH)
|
|
Batting: LHB Jeff Branson
|
0-0: Called Strike 0-1: Foul Ball, location: 2F 0-2: Ball 1-2: Strikes out swinging
|
|
Batting: RHB Adam Riggs
|
0-0: Ball 1-0: Called Strike 1-1: Foul Ball, location: 2F 1-2: Ball 2-2: Fly out, F3 (Popup, 3S, EV 82.5 MPH)
|
| Top of the 2nd over - 0 runs, 1 hit, 0 errors, 1 left on base; Nashville 0 - Idaho Falls 2 |
| BOTTOM OF THE 2ND |
|
Idaho Falls Chukars batting - Pitching for Nashville Sounds : RHP Esteban Loaiza
|
|
Batting: RHB Les Norman
|
0-0: Called Strike 0-1: Swinging Strike 0-2: SINGLE (Groundball, 4S, EV 69.4 MPH) (infield hit)
|
|
Batting: RHB Dave Hajek
|
0-0: Ball 1-0: Called Strike 1-1: Fly out, F6 (Flyball, 56D, EV 81.3 MPH)
|
|
Batting: LHB Dave Martinez
|
0-0: Ball 1-0: Fielders Choice at 2nd, 1-6 (Groundball, 34S, EV 86.9 MPH)
|
|
Batting: RHB Takahiro Suzuki
|
0-0: Ball 1-0: Foul Ball, location: 2F 1-1: Ball 2-1: Ball 3-1: Called Strike 3-2: Fly out, F8 (Flyball, 8RS, EV 93.8 MPH)
|
| Bottom of the 2nd over - 0 runs, 1 hit, 0 errors, 1 left on base; Nashville 0 - Idaho Falls 2 |
| TOP OF THE 3RD |
|
Nashville Sounds batting - Pitching for Idaho Falls Chukars : RHP Phil Leftwich
|
|
Batting: SHB Felix Martinez
|
0-0: Called Strike 0-1: Single, Error in OF, E7, batter to second base (Line Drive, 7LS, EV 95.6 MPH)
|
|
Batting: RHB Danny Bautista
|
0-0: Ball 1-0: Ball Wild Pitch! Felix Martinez to third 2-0: Ball 3-0: Base on Balls
|
|
Batting: RHB George Arias
|
0-0: Fly out, F5 (Popup, 5S, EV 73.1 MPH)
|
|
Batting: LHB Dion James
|
0-0: Ball 1-0: Ball 2-0: Ball Danny Bautista is caught stealing 2nd base 2-6 3-0: Base on Balls
|
|
Batting: RHB Paul Konerko
|
0-0: Ball 1-0: Fly out, F8 (Flyball, 89XD, EV 106.9 MPH)
|
| Top of the 3rd over - 0 runs, 1 hit, 1 error, 2 left on base; Nashville 0 - Idaho Falls 2 |
| BOTTOM OF THE 3RD |
|
Idaho Falls Chukars batting - Pitching for Nashville Sounds : RHP Esteban Loaiza
|
|
Batting: LHB Wayne Kirby
|
0-0: Ball 1-0: Ball 2-0: Ball 3-0: Called Strike 3-1: Called Strike 3-2: Ground out 4-3 (Groundball, 4, EV 88.8 MPH)
|
|
Batting: LHB Dwight Smith
|
0-0: Called Strike 0-1: Foul Ball, location: 2F 0-2: Ball 1-2: Ground out 3-1 (Groundball, 34, EV 94.4 MPH)
|
|
Batting: LHB Rico Brogna
|
0-0: Ball 1-0: Ball 2-0: Called Strike 2-1: Fly out, F5 (Popup, 5F, EV 59.4 MPH)
|
| Bottom of the 3rd over - 0 runs, 0 hits, 0 errors, 0 left on base; Nashville 0 - Idaho Falls 2 |
| TOP OF THE 4TH |
|
Nashville Sounds batting - Pitching for Idaho Falls Chukars : RHP Phil Leftwich
|
|
Batting: SHB Raul Casanova
|
0-0: Called Strike 0-1: Ball 1-1: Ball 2-1: Ball 3-1: Base on Balls
|
|
Batting: RHB Eli Marrero
|
0-0: Swinging Strike 0-1: Ball 1-1: Swinging Strike 1-2: Strikes out looking
|
|
Batting: LHB Jeff Branson
|
0-0: Ball 1-0: Ball 2-0: DOUBLE (Flyball, 8LD, EV 103.1 MPH) Raul Casanova to third Runner from 3rd tries for Home, SAFE, throw by CF to home
|
|
Batting: RHB Adam Riggs
|
0-0: Called Strike 0-1: Ball 1-1: Foul Ball, location: 2F 1-2: Ball 2-2: Foul Ball, location: 2F 2-2: Ball Wild Pitch! Jeff Branson to third 3-2: Strikes out swinging
|
|
Batting: SHB Felix Martinez
|
0-0: Ground out 5-3 (Groundball, 56, EV 81.3 MPH)
|
| Top of the 4th over - 1 run, 1 hit, 0 errors, 1 left on base; Nashville 1 - Idaho Falls 2 |
| BOTTOM OF THE 4TH |
|
Idaho Falls Chukars batting - Pitching for Nashville Sounds : RHP Esteban Loaiza
|
|
Batting: RHB Mark Lewis
|
0-0: Ground out U3 (Groundball, 34, EV 80.6 MPH)
|
|
Batting: LHB Darren Daulton
|
0-0: Ball 1-0: Called Strike 1-1: Ball 2-1: Fly out, F4 (Line Drive, 4, EV 64.4 MPH)
|
|
Batting: RHB Les Norman
|
0-0: Foul Ball, location: 2F 0-1: Foul Ball, location: 2F 0-2: Ball 1-2: Foul Ball, location: 2F 1-2: Ball 2-2: DOUBLE (Flyball, 78D, EV 110.0 MPH)
|
|
Batting: RHB Dave Hajek
|
0-0: Ball 1-0: Swinging Strike 1-1: Swinging Strike 1-2: Ball 2-2: Foul Ball, location: 2F 2-2: DOUBLE (Groundball, 5L, EV 95.0 MPH) Les Norman scores
|
|
Batting: LHB Dave Martinez
|
0-0: Fly out, F9 (Flyball, 9S, EV 90.0 MPH)
|
| Bottom of the 4th over - 1 run, 2 hits, 0 errors, 1 left on base; Nashville 1 - Idaho Falls 3 |
| TOP OF THE 5TH |
|
Nashville Sounds batting - Pitching for Idaho Falls Chukars : RHP Phil Leftwich
|
|
Batting: RHB Danny Bautista
|
0-0: Foul Ball, location: 2F 0-1: Ball 1-1: Foul Ball, location: 2F 1-2: Ball 2-2: Strikes out swinging
|
|
Batting: RHB George Arias
|
0-0: Called Strike 0-1: Ball 1-1: Ball 2-1: Ball 3-1: Foul Ball, location: 2F 3-2: Strikes out swinging
|
|
Batting: LHB Dion James
|
0-0: Ball 1-0: Called Strike 1-1: Foul Ball, location: 2F 1-2: Ball 2-2: SINGLE (Groundball, 34D, EV 102.5 MPH)
|
|
Batting: RHB Paul Konerko
|
0-0: Ball 1-0: Foul Ball, location: 2F 1-1: SINGLE (Flyball, 89M, EV 93.8 MPH) Dion James to second Runner from 2nd tries for 3rd, SAFE, no throw by RF
|
|
Batting: SHB Raul Casanova
|
0-0: Called Strike 0-1: Ground out 4-3 (Groundball, 4, EV 80.0 MPH)
|
| Top of the 5th over - 0 runs, 2 hits, 0 errors, 2 left on base; Nashville 1 - Idaho Falls 3 |
| BOTTOM OF THE 5TH |
|
Idaho Falls Chukars batting - Pitching for Nashville Sounds : RHP Esteban Loaiza
|
|
Batting: RHB Takahiro Suzuki
|
0-0: Ground out 5-3 (Groundball, 56, EV 106.9 MPH)
|
|
Batting: LHB Wayne Kirby
|
0-0: Called Strike 0-1: Swinging Strike 0-2: Foul Ball, location: 2F 0-2: Ball 1-2: Ball 2-2: Ball 3-2: Ground out U3 (Groundball, 34S, EV 63.1 MPH)
|
|
Batting: LHB Dwight Smith
|
0-0: Ball 1-0: Foul Ball, location: 2F 1-1: Ball 2-1: SOLO HOME RUN (Flyball, 89XD, EV 100.6 MPH), Distance : 440 ft
|
|
Batting: LHB Rico Brogna
|
0-0: Foul Ball, location: 2F 0-1: Swinging Strike 0-2: Ball 1-2: Ball 2-2: Foul Ball, location: 2F 2-2: Ball 3-2: Base on Balls
|
|
Pitching: RHP Don Wengert
|
|
|
Batting: RHB Mark Lewis
|
0-0: Ball 1-0: Foul Ball, location: 2F 1-1: Ball 2-1: Ball 3-1: DOUBLE (Line Drive, 78D, EV 111.3 MPH) Rico Brogna to third
|
|
Batting: LHB Darren Daulton
|
0-0: Called Strike 0-1: Ball 1-1: Swinging Strike 1-2: Ball 2-2: Fly out, F8 (Line Drive, 8RM, EV 89.4 MPH)
|
| Bottom of the 5th over - 1 run, 2 hits, 0 errors, 2 left on base; Nashville 1 - Idaho Falls 4 |
| TOP OF THE 6TH |
|
Nashville Sounds batting - Pitching for Idaho Falls Chukars : RHP Phil Leftwich
|
|
Pitching: RHP Jeff Schwarz
|
|
|
Batting: RHB Eli Marrero
|
0-0: SINGLE (Flyball, 9S, EV 83.1 MPH)
|
|
Batting: LHB Jeff Branson
|
0-0: Called Strike 0-1: SINGLE (Groundball, 34D, EV 96.3 MPH) Eli Marrero to second Runner from 2nd tries for 3rd, SAFE, throw by RF made to third
|
|
Batting: RHB Adam Riggs
|
0-0: Ball 1-0: Ball 2-0: Foul Ball, location: 2F 2-1: Ball 3-1: Called Strike 3-2: Foul Ball, location: 2F 3-2: SINGLE (Groundball, 56D, EV 106.3 MPH) Eli Marrero scores Jeff Branson to second
|
|
Batting: SHB Felix Martinez
|
0-0: Sac Bunt to 23 - play at first, batter safe! Jeff Branson to third Adam Riggs to second
|
|
Batting: RHB Danny Bautista
|
0-0: Ball 1-0: Ball 2-0: Ball 3-0: Base on Balls Jeff Branson scores Adam Riggs to third Felix Martinez to second
|
|
Pitching: RHP Steve Falteisek
|
|
|
Batting: RHB George Arias
|
0-0: Foul Ball, location: 2F 0-1: Foul Ball, location: 2F 0-2: Ball 1-2: Ball 2-2: Foul Ball, location: 2F 2-2: Strikes out swinging
|
|
Batting: LHB Dion James
|
0-0: Called Strike 0-1: Foul Ball, location: 2F 0-2: Ball 1-2: Ball 2-2: Ball 3-2: Foul Ball, location: 2F 3-2: Foul Ball, location: 2F 3-2: Grounds into fielders choice 4-2 (Groundball, 34, EV 79.4 MPH) Felix Martinez to third Danny Bautista to second
|
|
Batting: RHB Paul Konerko
|
0-0: Ball 1-0: Called Strike 1-1: Foul Ball, location: 2F 1-2: Foul Ball, location: 2F 1-2: Ball 2-2: Ball 3-2: Strikes out looking
|
| Top of the 6th over - 2 runs, 4 hits, 0 errors, 3 left on base; Nashville 3 - Idaho Falls 4 |
| BOTTOM OF THE 6TH |
|
Idaho Falls Chukars batting - Pitching for Nashville Sounds : RHP Don Wengert
|
|
Batting: RHB Les Norman
|
0-0: Called Strike 0-1: Swinging Strike 0-2: Ball 1-2: Ball 2-2: Ball 3-2: Strikes out swinging
|
|
Batting: RHB Dave Hajek
|
0-0: Called Strike 0-1: Ground out 5-3 (Groundball, 5, EV 78.1 MPH)
|
|
Batting: LHB Dave Martinez
|
0-0: Foul Ball, location: 2F 0-1: Foul Ball, location: 2F 0-2: Strikes out swinging
|
| Bottom of the 6th over - 0 runs, 0 hits, 0 errors, 0 left on base; Nashville 3 - Idaho Falls 4 |
| TOP OF THE 7TH |
|
Nashville Sounds batting - Pitching for Idaho Falls Chukars : RHP Steve Falteisek
|
|
Batting: SHB Raul Casanova
|
0-0: Called Strike 0-1: Foul Ball, location: 2F 0-2: Ball 1-2: Foul Ball, location: 2F 1-2: Strikes out swinging
|
|
Batting: RHB Eli Marrero
|
0-0: Swinging Strike 0-1: Foul Ball, location: 2F 0-2: Ball 1-2: Ball 2-2: Strikes out looking
|
|
Batting: LHB Jeff Branson
|
0-0: Called Strike 0-1: Ball 1-1: Ball 2-1: DOUBLE (Groundball, 3L, EV 100.0 MPH)
|
|
Pitching: RHP John Johnstone
|
|
|
Batting: RHB Adam Riggs
|
0-0: Called Strike 0-1: Swinging Strike 0-2: Strikes out swinging
|
| Top of the 7th over - 0 runs, 1 hit, 0 errors, 1 left on base; Nashville 3 - Idaho Falls 4 |
| BOTTOM OF THE 7TH |
|
Idaho Falls Chukars batting - Pitching for Nashville Sounds : RHP Don Wengert
|
|
Batting: RHB Takahiro Suzuki
|
0-0: Called Strike 0-1: Foul Ball, location: 2F 0-2: Ground out 6-3 (Groundball, 56, EV 88.8 MPH)
|
|
Batting: LHB Wayne Kirby
|
0-0: Called Strike 0-1: Ball 1-1: Called Strike 1-2: Foul Ball, location: 2F 1-2: Ball 2-2: Ball 3-2: Foul Ball, location: 2F 3-2: Fly out, F7 (Flyball, 7D, EV 95.6 MPH)
|
|
Batting: LHB Dwight Smith
|
0-0: SOLO HOME RUN (Flyball, 7LD, EV 105.6 MPH), Distance : 368 ft
|
|
Batting: LHB Rico Brogna
|
0-0: Called Strike 0-1: Ball 1-1: Ground out 4-3 (Groundball, 4, EV 77.5 MPH)
|
| Bottom of the 7th over - 1 run, 1 hit, 0 errors, 0 left on base; Nashville 3 - Idaho Falls 5 |
| TOP OF THE 8TH |
|
Nashville Sounds batting - Pitching for Idaho Falls Chukars : RHP John Johnstone
|
|
Batting: SHB Felix Martinez
|
0-0: Ball 1-0: Foul Ball, location: 2F 1-1: Fly out, F8 (Line Drive, 8LD, EV 91.3 MPH)
|
|
Batting: RHB Danny Bautista
|
0-0: Called Strike 0-1: Ball 1-1: Called Strike 1-2: Fly out, F6 (Popup, 6M, EV 59.4 MPH)
|
|
Batting: RHB George Arias
|
0-0: Called Strike 0-1: Foul Ball, location: 2F 0-2: Ball 1-2: Foul Ball, location: 2F 1-2: Ball 2-2: Ball 3-2: Foul Ball, location: 2F 3-2: Foul Ball, location: 2F 3-2: Base on Balls
|
|
Batting: LHB Dion James
|
0-0: Ball 1-0: Ball 2-0: Ball 3-0: Called Strike 3-1: Base on Balls George Arias to second
|
|
Batting: RHB Paul Konerko
|
0-0: Fly out, F2 (Popup, 3SF, EV 82.5 MPH)
|
| Top of the 8th over - 0 runs, 0 hits, 0 errors, 2 left on base; Nashville 3 - Idaho Falls 5 |
| BOTTOM OF THE 8TH |
|
Idaho Falls Chukars batting - Pitching for Nashville Sounds : RHP Don Wengert
|
|
Batting: RHB Mark Lewis
|
0-0: Ball 1-0: Ball 2-0: Foul Ball, location: 2F 2-1: Ground out 1-3 (Groundball, P, EV 68.1 MPH)
|
|
Batting: LHB Darren Daulton
|
0-0: Ball 1-0: Foul Ball, location: 2F 1-1: Ground out 6-3 (Groundball, 6, EV 95.0 MPH)
|
|
Pitching: RHP Jose J. Bautista
|
|
|
Batting: RHB Les Norman
|
0-0: Called Strike 0-1: Called Strike 0-2: Ball 1-2: Foul Ball, location: 2F 1-2: Ball 2-2: Ball 3-2: Strikes out swinging
|
| Bottom of the 8th over - 0 runs, 0 hits, 0 errors, 0 left on base; Nashville 3 - Idaho Falls 5 |
| TOP OF THE 9TH |
|
Nashville Sounds batting - Pitching for Idaho Falls Chukars : RHP John Johnstone
|
|
Pitching: RHP Ralph Citarella
|
|
|
Batting: SHB Raul Casanova
|
0-0: Foul Ball, location: 2F 0-1: Fly out, F9 (Line Drive, 9, EV 87.5 MPH)
|
|
Batting: RHB Eli Marrero
|
0-0: Foul Ball, location: 2F 0-1: Ball 1-1: Fly out, F7 (Flyball, 7S, EV 96.3 MPH)
|
|
Batting: LHB Jeff Branson
|
0-0: Foul Ball, location: 2F 0-1: Called Strike 0-2: Ball 1-2: Foul Ball, location: 2F 1-2: Foul Ball, location: 2F 1-2: Ball 2-2: DOUBLE (Flyball, 78D, EV 90.6 MPH)
|
|
Batting: RHB Adam Riggs
|
0-0: Called Strike 0-1: Foul Ball, location: 2F 0-2: Ball 1-2: Ball 2-2: Strikes out swinging
|
| Top of the 9th over - 0 runs, 1 hit, 0 errors, 1 left on base; Nashville 3 - Idaho Falls 5 |
|